 Dungeon Sprint DCSS version 0.23.2-40-g277498a001 (webtiles) character file.

Game seed: 15285366171917184894

632 Nivan the Blocker (level 7, -2/108 HPs)
             Began as a Minotaur Fighter on Sept 26, 2019.
             Slain by Sonja
             ... wielding a +1 short sword of distortion
              (19 damage)
             ... in the Dungeon (Sprint I: "Red Sonja").
             The game lasted 00:08:02 (454 turns).

Nivan the Blocker (Minotaur Fighter)                 Turns: 454, Time: 00:08:02

Health: -2/108     AC:  8    Str: 27    XL:     7   Next: 24%
Magic:  6/6        EV: 10    Int:  5    God:
Gold:   297        SH: 12    Dex: 10    Spells: 6/6 levels left

rFire    . . .     SeeInvis .   a - +0 war axe
rCold    . . .     Gourm    .   c - +0 shield
rNeg     . . .     Faith    .   b - +0 scale mail
rPois    .         Spirit   .   (helmet restricted)
rElec    .         Reflect  .   (no cloak)
rCorr    .         Harm     .   (no gloves)
MR       .....     NoTele   +   (no boots)
Stlth    ..........             (no amulet)
HPRegen  0.28/turn              (no ring)
MPRegen  0.10/turn              (no ring)

@: berserking, lethally poisoned (-2 -> -3), slowed
A: retaliatory headbutt, horns 2
a: no special abilities


You were in the Dungeon.
You were not hungry.

You visited 1 branch You collected 297 gold pieces.

Inventory:

Hand Weapons
 a - a +0 war axe (weapon)
 h - a +0 scythe of venom
Armour
 b - a +0 scale mail (worn)
 c - a +0 shield (worn)
 m - a +0 leather armour
 n - a +0 robe
Wands
 l - a wand of digging (4)
Scrolls
 k - a scroll of blinking
Potions
 i - 2 potions of magic
 o - a potion of invisibility {unknown}
Comestibles
 d - 6 chunks of flesh
 f - a ration


   Skills:
 + Level 10.2 Fighting
 + Level 8.6 Axes
 + Level 10.0 Armour
 + Level 1.9 Dodging
 + Level 10.7 Shields


You had 6 spell levels left.
You didn't know any spells.
Your spell library was empty.

Dungeon Overview and Level Annotations

Branches:
Dungeon (1/1)

Altars:
Cheibriados
Dithmenos
Elyvilon
Fedhas
Gozag
Hepliaklqana
Kikubaaqudgha
Makhleb
Nemelex Xobeh
Okawaru
Qazlal
Ru
Sif Muna
Trog
Uskayaw
Vehumet
Wu Jian
Xom
Yredelemnul
Zin
The Shining One
Jiyva
Lugonu

Shops:
D *

Annotations:
D Sonja


Innate Abilities, Weirdness & Mutations

You reflexively headbutt those who attack you in melee.
You have a pair of horns on your head.


Message History

You have difficulty breathing.
You feel yourself slow down.
You close the door.
You feel sick.
Sonja opens the door.
Sonja shoots a curare-tipped needle.
You block the curare-tipped needle.
Sonja unwields a +0 blowgun.
Sonja wields a +1 short sword of distortion.
Its appearance distorts for a moment.
Sonja hits you but does no damage. You block Sonja's attack.
Sonja hits you but does no damage. Space bends around you.
You block Sonja's attack. x2
Sonja hits you but does no damage. Space warps horribly around you!!
There is an open door here.
A red film seems to cover your vision as you go berserk!
You feel yourself moving faster!
You feel mighty!
You feel sick.
Sonja hits you with a +1 short sword of distortion.
You feel a strange sense of stasis. You block Sonja's attack. x2
Sonja says, "If only old Madame Brzewit could see me now!"
Sonja hits you but does no damage. Space warps horribly around you!!
* * * LOW HITPOINT WARNING * * *
You block Sonja's attack. Sonja hits you but does no damage.
Space warps horribly around you!!
You die...

#<.#..)..#..'..#__#
#..+..#..'..#..+^.+
#..#####'#####'#__#
#..## #..#...#.# ##
#..#__####..##.#≈§§
#..#_____##'#_.+§§
#⌠⌠#_.∩...'..._#§≈§.c
####_..__##K(#+# +###
#_____ ##@# ######
##(## +$.$+ #$.(#
##.## #+#


You could see Sonja.

Vanquished Creatures
  A slime creature (D)
  Sigmund (D)
  A yak (D)
  An ogre (D)
  A jelly (D)
  Ijyb (D)
6 creatures vanquished.

Notes
Turn   | Place    | Note
-------+----------+-------------------------------------------
     0 | D        | Nivan the Minotaur Fighter began the quest for the Orb.
     0 | D        | Reached XP level 1. HP: 19/19 MP: 0/0
    12 | D        | Noticed Ijyb
    26 | D        | Killed Ijyb
    26 | D        | Reached skill level 5 in Fighting
    26 | D        | Reached skill level 5 in Armour
    26 | D        | Reached skill level 5 in Shields
    26 | D        | Reached XP level 2. HP: 28/29 MP: 1/1
    40 | D        | Noticed an ogre
    46 | D        | Killed an ogre
    46 | D        | Reached XP level 3. HP: 25/38 MP: 2/2
    46 | D        | Reached XP level 4. HP: 30/45 MP: 3/3
    58 | D        | Noticed Sigmund
    65 | D        | Killed Sigmund
    65 | D        | Reached skill level 1 in Dodging
    65 | D        | Reached XP level 5. HP: 37/56 MP: 4/4
    65 | D        | Reached XP level 6. HP: 41/62 MP: 5/5
    79 | D        | Found an ornate altar of the Wu Jian Council.
    79 | D        | Found a deep blue altar of Sif Muna.
    81 | D        | Found a radiant altar of Vehumet.
   226 | D        | Found Riogoq's General Store.
   226 | D        | Found an ancient bone altar of Kikubaaqudgha.
   226 | D        | Found a hazy altar of Hepliaklqana.
   226 | D        | Found a stormy altar of Qazlal.
   226 | D        | Found a hide-covered altar of Uskayaw.
   226 | D        | Found a blossoming altar of Fedhas.
   226 | D        | Found a bloodstained altar of Trog.
   226 | D        | Found an iron altar of Okawaru.
   226 | D        | Found a basalt altar of Yredelemnul.
   226 | D        | Found a glowing golden altar of the Shining One.
   226 | D        | Found a snail-covered altar of Cheibriados.
   226 | D        | Found a sacrificial altar of Ru.
   226 | D        | Found a glowing silver altar of Zin.
   226 | D        | Found a shadowy altar of Dithmenos.
   226 | D        | Found a white marble altar of Elyvilon.
   226 | D        | Noticed a yak
   237 | D        | Killed a yak
   237 | D        | Reached skill level 10 in Shields
   238 | D        | Found an opulent altar of Gozag.
   241 | D        | Found a sparkling altar of Nemelex Xobeh.
   254 | D        | Noticed a centaur warrior
   261 | D        | Found a burning altar of Makhleb.
   261 | D        | Found a viscous altar of Jiyva.
   261 | D        | Found a shimmering altar of Xom.
   261 | D        | Found a corrupted altar of Lugonu.
   261 | D        | Noticed a slime creature
   274 | D        | Killed a slime creature
   274 | D        | Reached skill level 10 in Fighting
   274 | D        | Reached skill level 10 in Armour
   274 | D        | Reached XP level 7. HP: 41/72 MP: 6/6
   416 | D        | Noticed Sonja
   454 | D        | Slain by Sonja

Skill      XL: |  1  2  3  4  5  6 |
---------------+-------------------+-----
Fighting       | 5 6 8 10 | 10.2
Axes           | 3 4 6 8 |  8.6
Armour         | 5 6 8 10 | 10.0
Shields        | 5 7 9 10 | 10.7
Dodging        | 1 |  1.9

Action                   |  1- 3 |  4- 6 |  7- 9 || total
-------------------------+-------+-------+-------++-------
Melee: War axe           |    14 |    26 |     7 ||    47
       Headbutt          |     5 |     9 |       ||    14
  Use: Potion            |     2 |     1 |     3 ||     6
Armor: Scale mail        |     2 |     4 |    11 ||    17
Dodge: Dodged            |     5 |     6 |     5 ||    16
Block: Shield            |    10 |    10 |    20 ||    40
